 Dungeon Crawl Stone Soup version 0.20-a0-899-g09a9bfb (webtiles) character file.

25 HEYYEYAAE the Skirmisher (level 3, 0/29 HPs)
             Began as a Human Abyssal Knight on Mar 18, 2017.
             Was a Follower of Lugonu.
             Slain by a giant cockroach (2 damage)
             ... on level 4 of the Dungeon.
             The game lasted 00:02:40 (2072 turns).

HEYYEYAAE the Skirmisher (Human Abyssal Knight)     Turns: 2072, Time: 00:02:41

Health: 0/29       AC:  3    Str: 12    XL:     3   Next: 20%
Magic:  4/4        EV: 11    Int: 12    God:    Lugonu [*.....]
Gold:   63         SH:  0    Dex: 13    Spells: 2/2 levels left

rFire    . . .     SeeInvis .   d - -1 short sword (curse)
rCold    . . .     Gourm    .   b - +0 leather armour
rNeg     . . .     Faith    .   (no shield)
rPois    .         Spirit   .   (no helmet)
rElec    .         Reflect  .   (no cloak)
rCorr    .         Harm     .   (no gloves)
MR       .....                  (no boots)
Stlth    +.........             e - amulet of magic regeneration
Regen    0.1/turn               (no ring)
MPRegen  0.2/turn               (no ring)

@: no status effects
A: no striking features
a: Depart the Abyss, Renounce Religion


You were on level 4 of the Dungeon.
You worshipped Lugonu.
Lugonu was aware of your devotion.
You were hungry.

You visited 1 branch of the dungeon, and saw 4 of its levels.
You visited the Abyss 1 time.

You collected 63 gold pieces.

Inventory:

Hand Weapons
 a - a +1 falchion
 d - a cursed -1 short sword (weapon)
 k - a +1 mace of protection
 o - a +1 antimagic scimitar
Armour
 b - a +0 leather armour (worn)
 g - a +0 scale mail
Jewellery
 e - an amulet of magic regeneration (around neck)
Wands
 j - a wand of iceblast (10/15)
Potions
 i - 5 potions of flight
 l - a potion of cancellation
 m - 3 potions of curing {unknown}
Comestibles
 c - 2 bread rations
 f - a meat ration
 h - 2 fruits


   Skills:
 + Level 3.2 Fighting
 * Level 3.2 Long Blades
 - Level 2.0 Armour
 - Level 1.0 Dodging
 - Level 2.0 Invocations


You had 2 spell levels left.
You didn't know any spells.

Dungeon Overview and Level Annotations

Branches:
Dungeon (3/15)

Altars:


Message History

The giant cockroach closely misses you.
Found a blackened wooden wand.
The giant cockroach closely misses you.
You see here a wand of iceblast (?/15).
j - a wand of iceblast (?/15)
The giant cockroach misses you.
You aren't carrying any spellbooks or scrolls.
Unknown command.
The orc priest casts a cantrip, but nothing happens.
The giant cockroach bites you but does no damage.
A puff of flame appears from out of thin air!
The puff of flame hits you!
* * * LOW HITPOINT WARNING * * *
Found a potion of lignification.
Found a bronze wand.
Found a stone staircase leading up.
The giant cockroach bites you but does no damage.
You see here a wand of lightning (?/15).
There is a stone staircase leading up here.
The giant cockroach bites you.
You die...

#...# ###...###
...######{......####
#!.......o{.......#
######.#.......##.#
#.###...####.# #o#
#...# #.# #s# ##.##
#o# #@# #.# #.# #.#
#.# #.# .... #.# #o#
##..###.#####.#
#....%oo.....#
#####.###......##
.........#####.#
#####.##.# #.# # #.#
#.#


You could see an orc and a giant cockroach.

Vanquished Creatures
  2 dart slugs
  A leopard gecko (D:1)
  A giant cockroach (D:2)
  5 goblins
  4 hobgoblins (D:1)
  3 bats
  2 kobolds
  2 rats
20 creatures vanquished.

Notes
Turn   | Place    | Note
-------+----------+-------------------------------------------
     0 | Abyss:1  | HEYYEYAAE the Human Abyssal Knight began the quest for the Orb.
     0 | Abyss:1  | Reached XP level 1. HP: 18/18 MP: 2/2
     0 | Abyss:1  | Found a corrupted altar of Lugonu.
    45 | Abyss:1  | Noticed an ancient zyme
    59 | D:1      | Escaped the Abyss
   402 | D:1      | Reached XP level 2. HP: 3/24 MP: 3/3
  1688 | D:2      | Reached XP level 3. HP: 27/29 MP: 4/4
  1740 | D:2      | Reached * piety under Lugonu
  2004 | D:3      | You fall through a shaft!
  2064 | D:4      | HP: 1/29 [something/puff of flame (9)]
  2072 | D:4      | Slain by a giant cockroach

Vault maps used:
D:1:      dpeg_chamrin_arrival_tetris, minmay_tetromino_l2
D:2:      hangedman_decor_points
D:3:      amethyst_overflow_temple_binary, minmay_fountain_box, minivault_5
D:4:      first_bread

Skill      XL: |  1  2 |
---------------+-------+-----
Long Blades    | 3 |  3.2
Fighting       | |  3.2
Armour         | |  2.0
Dodging        | |  1.0
Invocations    | |  2.0

Action                   || total
-------------------------++-------
Melee: Short sword       ||   146
Invok: Depart the Abyss  ||     1
  Use: Scroll            ||     4
       Potion            ||     4
  Eat: Chunk             ||     3
Armor: Leather armour    ||    54
       Skin              ||     1
Dodge: Dodged            ||   128
